 Dungeon Crawl Stone Soup version 0.31.0-4-g52a2dc7128 (webtiles) character file.

Game seed: 5505997463563238450

665 Arctor the Shooter (level 7, -4/42 HPs)
             Began as a Kobold Hexslinger on Jan 22, 2024.
             Slain by a yak (12 damage)
             ... on level 5 of the Dungeon.
             The game lasted 00:04:00 (4895 turns).

Arctor the Shooter (Kobold Hexslinger)              Turns: 4895, Time: 00:04:01

Health: -4/42      AC:  2    Str:  5    XL:     7   Next: 87%
Magic:  12/12      EV: 17    Int: 14    God:
Gold:   189        SH:  0    Dex: 20    Spells: 8/13 levels left

rFire   . . .        f - +0 arbalest
rCold   . . .        (shield currently unavailable)
rNeg    . . .        c - +0 robe
rPois   .            (no helmet)
rElec   .            (no cloak)
rCorr   .            (no gloves)
SInv    .            (no boots)
Will    .....        (no amulet)
Stlth   +++          (no ring)
HPRegen 0.27/turn    (no ring)
MPRegen 0.13/turn

%: no passive effects
@: weak-willed
A: small, no large weapons, nightstalker 3
a: no special abilities


You were on level 5 of the Dungeon.
You visited 1 branch of the dungeon, and saw 5 of its levels.

You collected 189 gold pieces.

Inventory:

Hand Weapons
 a - a +1 sling
 f - a +0 arbalest (weapon)
 j - a +0 spectral club
Missiles
 g - a throwing net
Armour
 c - a +0 robe (worn)
Jewellery
 r - a ring of protection from fire
Wands
 q - a wand of iceblast (5)
Scrolls
 b - 2 scrolls of poison
 e - 5 scrolls of teleportation
 m - 2 scrolls of identify
 o - a scroll of revelation {unknown}
 p - a scroll of enchant armour {unknown}
 s - 4 scrolls of vulnerability {unknown}
Potions
 d - 2 potions of brilliance
 i - 2 potions of might {unknown}
 k - a potion of haste
 l - a potion of invisibility {unknown}
 n - 2 potions of curing {unknown}


   Skills:
 + Level 3.9 Fighting
 + Level 5.4 Ranged Weapons
 + Level 4.9 Dodging
 + Level 3.5 Spellcasting
 + Level 4.5 Hexes
 - Level 1.0 Fire Magic


You had 8 spell levels left.
You knew the following spells:

 Your Spells              Type           Power      Damage    Failure   Level
a - Jinxbite              Hex            30%        N/A       4%          2
b - Sigil of Binding      Hex            15%        N/A       10%         3

Your spell library contained the following spells:

 Spells                   Type           Power      Damage    Failure   Level
 Inner Flame              Hex/Fire       10%        N/A       19%         3
 Freeze                   Ice            8%         1d3       21%         1
 Cause Fear               Hex            7%         N/A       30%         4
 Frozen Ramparts          Ice            4%         1d1       52%         3
 Hailstorm                Conj/Ice       2%         3d5       52%         3
 Dimensional Bullseye     Hex/Tloc       4%         N/A       61%         4


Dungeon Overview and Level Annotations

Branches:
Dungeon (5/15)             Temple (0/1) D:4

Altars:
Cheibriados
Yredelemnul


Innate Abilities, Weirdness & Mutations

You are small and have problems with some larger weapons.
You are completely attuned to the shadows.


Message History

Things that are here:
a +0 flail; an orc corpse
There is an open door here.
You see here a scroll of identify.
Casting: Jinxbite (safe; 4% risk of failure)
Confirm with . or Enter, or press ? or * to list all spells.
You beckon some vexing sprites to accompany your attacks.
You feel your willpower being sapped. The yak gores you!
You shoot a bolt. The bolt hits the yak!
The yak is moderately wounded.
The yak misses you. The yak gores you! The yak attacks as it pursues you!
The yak gores you!
* * * LOW HITPOINT WARNING * * *
As you read the scroll of fear, it crumbles to dust.
You assume a fearsome visage.
The dart slug looks frightened!
The yak looks frightened! x4
An orc comes into view. It is wielding a +0 hand axe.
An orc opens the door.
An orc comes into view. It is wielding a +0 falchion.
The orc shouts!
You hear a shout!
The orc completely misses you.
You shoot a bolt.
The bolt hits the orc but does no damage.
A giggling sprite leaps out and bonks the orc with its +0 falchion.
The orc is severely wounded.
The jinxing sprites lose interest in you.
You hear a shout!
The orc closely misses you.
You shoot a bolt. The bolt closely misses the orc.
The orc hits you with a +0 falchion!
* * * LOW HITPOINT WARNING * * *
The orc misses you.
You shoot a bolt. The bolt hits the orc!
You kill the orc!
The yak misses you.
Things that are here:
a +0 falchion; an orc corpse The yak attacks as it pursues you!
The yak gores you!
You die...

######## #....... #....... ..'
#....... ..# #### #####...†...
..# ##..#####......##### ..+
#.....#...#....# ..# .
#..@..#...#....# ..####
#.##Y##.###.#....#####
Y.#..#######'##.##.###.##.......#
..#Y...........o.#......+.......#
.w#..............#......#.......#
..'?.....Y.......#......#.......#
..##.##'###########.#####.......#
...#.##.######..###.########.....
...#....#.............#....#.....


You could see a yak and an orc.

Vanquished Creatures
  An ogre (D:5)
  A scorpion (D:5)
  An orc priest (D:5)
  2 hounds (D:5)
  A jelly (D:5)
  A sleepcap (D:5)
  Jessica (D:2)
  An orc wizard (D:4)
  4 iguanas
  7 gnolls (D:4)
  7 adders
  2 ufetubi (D:4)
  2 dart slugs
  A ribbon worm (D:2)
  3 orcs
  11 ball pythons
  8 bats
  6 endoplasms
  5 giant cockroaches
  4 hobgoblins
  3 quokkas
  4 frilled lizards
  5 goblins
  6 kobolds
  4 rats
91 creatures vanquished.

Notes
Turn   | Place    | Note
-------+----------+-------------------------------------------
     0 | D:1      | Arctor the Kobold Hexslinger began the quest for the Orb.
     0 | D:1      | Reached XP level 1. HP: 12/12 MP: 2/2
   214 | D:1      | Reached XP level 2. HP: 16/16 MP: 3/3
   407 | D:1      | Reached skill level 3 in Ranged Weapons
   496 | D:1      | Reached XP level 3. HP: 20/20 MP: 5/5
   499 | D:1      | Learned a level 2 spell: Jinxbite
   952 | D:2      | HP: 1/21 [poisoned by an adder]
  1208 | D:2      | Reached XP level 4. HP: 26/26 MP: 6/6
  1249 | D:2      | Found a basalt altar of Yredelemnul.
  1356 | D:2      | Noticed Jessica
  1361 | D:2      | Killed Jessica
  1619 | D:2      | Reached XP level 5. HP: 21/30 MP: 8/8
  2265 | D:3      | Identified the +0 leather armour "Ryuf" {rF+ MP+9}
  2520 | D:3      | Reached skill level 4 in Ranged Weapons
  2840 | D:4      | Reached XP level 6. HP: 18/36 MP: 7/9
  2976 | D:4      | Found a staircase to the Ecumenical Temple.
  3142 | D:4      | HP: 1/36 [something (2)]
  3493 | D:4      | Learned a level 3 spell: Sigil of Binding
  3749 | D:4      | Found a snail-covered altar of Cheibriados.
  4207 | D:5      | Entered Level 5 of the Dungeon
  4249 | D:5      | Reached XP level 7. HP: 41/41 MP: 11/11
  4418 | D:5      | Reached skill level 5 in Ranged Weapons
  4865 | D:5      | Noticed a yak
  4866 | D:5      | Noticed a yak
  4868 | D:5      | Noticed a yak
  4868 | D:5      | Noticed a yak
  4895 | D:5      | Slain by a yak

Illustrated notes

Levels and vault maps discovered:
D:1:      dpeg_arrival_snail, layout_basic
D:2:      layout_loops_corners, basic_altar, uniq_jessica
D:3:      layout_rooms, serial_glass, glass_columns_a, glass_columns_a
D:4:      layout_loops_cross, cheibriados_altar_1, temple_doors_e, serial_bayou,
          serial_bayou_ford_a, serial_bayou_shore_a, serial_bayou_pond_a,
          serial_bayou_shore_b, serial_bayou_pond_c, serial_park_tiny_pond
D:5:      layout_gridville

Skill      XL: |  1  2  3  4  5  6  7 |
---------------+----------------------+-----
Ranged Weapons | 3 4 5 |  5.4
Dodging        | 3 4 |  4.9
Fighting       | 2 3 |  3.9
Spellcasting   | 2 3 |  3.5
Hexes          | 4 |  4.5
Fire Magic     | |  1.0

Action                     |  1- 3 |  4- 6 |  7- 9 || total
---------------------------+-------+-------+-------++-------
  Melee: Club              |       |    46 |       ||    46
   Fire: Sling             |    72 |   145 |       ||   217
         Arbalest          |       |     8 |    33 ||    41
   Cast: Jinxbite          |     1 |    10 |     3 ||    14
    Use: Scroll            |       |     4 |     1 ||     5
         Potion            |       |     4 |       ||     4
   Stab: Sleeping          |       |     6 |       ||     6
         Distracted        |       |     1 |       ||     1
 Armour: Robe              |    16 |    65 |    13 ||    94
         Skin              |       |    12 |       ||    12
  Dodge: Dodged            |    20 |   159 |    25 ||   204
